 Dungeon Crawl Stone Soup version 0.30-a0-374-g95c0257040 (webtiles) character file.

Game seed: 9167555055373447351

109 qeuew the Shield-Bearer (level 5, -1/42 HPs)
             Began as a Formicid Fighter on Nov 26, 2022.
             Was an Elder of Jiyva.
             Killed from afar by Duvessa (5 damage)
             ... with a puff of flame
             ... on level 4 of the Dungeon.
             The game lasted 00:04:19 (2278 turns).

qeuew the Shield-Bearer (Formicid Fighter)          Turns: 2278, Time: 00:04:19

Health: -1/42      AC:  7    Str: 28    XL:     5   Next: 13%
Magic:  5/5        EV: 10    Int:  9    God:    Jiyva [****..]
Gold:   94         SH:  5    Dex: 12    Spells: 4/4 levels left

rFire   . . .      SeeInvis +    a - +0 war axe
rCold   . . .      Faith    .    c - +0 buckler
rNeg    . . .      Spirit   .    b - +0 scale mail
rPois   .          Reflect  .    (helmet unavailable)
rElec   .          Harm     .    (no cloak)
rCorr   +          Rampage  .    (no gloves)
Will    .....                    (no boots)
Stlth   ..........               (no amulet)
HPRegen 1.55/turn                (no ring)
MPRegen 0.49/turn                (no ring)

@: mighty
A: permanent stasis, dig shafts and tunnels, antennae 3, four strong arms,
talons 1, clever 1, strong 2, eyeballs 1, tendrils, noise suppression
a: Dig, Shaft Self, Renounce Religion, Oozemancy, Slimify


You were on level 4 of the Dungeon.
You worshipped Jiyva.
Jiyva was greatly pleased with you.
You visited 1 branch of the dungeon, and saw 4 of its levels.

You collected 94 gold pieces.

Inventory:

Hand Weapons
 a - a +0 war axe (weapon)
Missiles
 e - 2 javelins (quivered)
Armour
 b - a +0 scale mail (worn)
 c - a +0 buckler (worn)
Wands
 g - a wand of flame (29)
Scrolls
 k - a scroll of identify
Potions
 h - a potion of resistance
 l - a potion of brilliance


   Skills:
 * Level 4.1 Fighting
 + Level 2.5 Axes
 + Level 1.0 Throwing
 * Level 4.3 Armour
 + Level 0.7 Dodging
 + Level 4.4 Shields
 + Level 0.1 Evocations


You had 4 spell levels left.
You didn't know any spells.
Your spell library was empty.

Dungeon Overview and Level Annotations

Branches:
Dungeon (4/15)
 Temple: D:4-7

Altars:
Elyvilon
Vehumet
Jiyva

Annotations:
D:3 2 transporters, pigah's ghost, amateur OpWn
D:4 Dowan; Duvessa


Innate Abilities, Weirdness & Mutations

You cannot be hasted, slowed, berserked, paralysed or teleported.
You can dig through walls and to a lower floor.
You have a pair of large antennae on your head. (SInv)
Your four strong arms can wield two-handed weapons with a shield.
You have sharp toenails.
Your mind is acute. (Int +4, Str/Dex -1)
Your muscles are very strong. (Str +8, Int/Dex -2)
Your body has grown eyes which may confuse attackers. (Acc +3)
You are covered in slimy tendrils that may disarm your opponents.
You passively dampen the noise of your surroundings.


Message History

2 orcs come into view.
The orc shouts!
Dowan casts a spell at you. You resist with some effort.
Duvessa chortles and stares into space.
Duvessa closely misses you.
Dowan gestures wildly while chanting.
Dowan blinks!
Duvessa seems less confused.
Duvessa barely misses you.
You hit Duvessa but do no damage.
Duvessa is heavily wounded.
Duvessa barely misses you.
An orc priest comes into view. It is wielding a +0 hand axe.
Duvessa hits you. The orc hits you with a +0 club. The orc closely misses you.
The orc priest shouts!
You hit Duvessa but do no damage.
Duvessa is heavily wounded.
You slash the orc!
You kill the orc!
You hit the orc. Duvessa barely misses you.
Duvessa zaps a wand.
The puff of flame hits you! You block the orc's attack.
Your tendrils lash around the orc's +0 flail and pull it to the ground!
Duvessa zaps a wand.
The puff of flame hits you!
* * * LOW HITPOINT WARNING * * *
Okay, then.
You feel very mighty all of a sudden. The orc hits you but does no damage.
You block the orc's attack. Dowan barely misses you. Duvessa hits you!
* * * LOW HITPOINT WARNING * * *
Unknown command.
You hit Duvessa. You claw Duvessa!
Duvessa is severely wounded.
You slash the orc!
You kill the orc!
You hit the orc.
You kill the orc!
You slash Dowan! Duvessa hits you.
* * * LOW HITPOINT WARNING * * *
You block Dowan's attack.
Duvessa zaps a wand.
The puff of flame hits you.
You die...

...... .#####..##
....... ..........
#.#....##........
.............#..
#..........o..#
............!.####
.....(....)..<....
.........e@.!..#
.....?††#..e####
....###)#####
.......)....#
#...........#
............#
.....##.#####[#
.....#..#.....##
.......#..# ...


You could see Duvessa (fast), Dowan and an orc priest.

Vanquished Creatures
  A howler monkey (D:3)
  An adder (D:2)
  9 orcs
  An endoplasm (D:1)
  A giant cockroach (D:3)
  3 goblins
  9 hobgoblins
  3 jackals (D:1)
  2 quokkas
  6 ball pythons
  3 bats
  4 frilled lizards
  5 kobolds
  5 rats
53 creatures vanquished.

Vanquished Creatures (others)
  2 jellies (D:2)
  Terence (D:2)
  An adder (D:2)
  An endoplasm (D:2)
  A giant cockroach (D:2)
  A hobgoblin (D:2)
  A ball python (D:2)
  A rat (D:2)
9 creatures vanquished.

Grand Total: 62 creatures vanquished

Notes
Turn   | Place    | Note
-------+----------+-------------------------------------------
     0 | D:1      | qeuew the Formicid Fighter began the quest for the Orb.
     0 | D:1      | Reached XP level 1. HP: 18/18 MP: 1/1
   213 | D:1      | Reached XP level 2. HP: 24/24 MP: 2/2
   355 | D:1      | Reached XP level 3. HP: 27/29 MP: 3/3
   482 | D:1      | Found a faded altar of an unknown god.
   493 | D:1      | Prayed at the altar of an unknown god.
   493 | D:1      | Became a worshipper of Jiyva Jagizy the Shapeless
   493 | D:1      | Reached * piety under Jiyva
   970 | D:2      | Reached ** piety under Jiyva
  1124 | D:2      | Found a white marble altar of Elyvilon.
  1166 | D:2      | Found the +8 demon trident "Rift" {distort, reach+}
  1228 | D:2      | Killed Terence
  1661 | D:2      | Gained mutation: Your body sometimes deteriorates upon
                  | taking damage. [potion of mutation]
  1661 | D:2      | Gained mutation: You have sharp toenails. [potion of
                  | mutation]
  1661 | D:2      | Gained mutation: You passively dampen the noise of your
                  | surroundings. [potion of mutation]
  1661 | D:2      | Gained mutation: Your mind is acute. (Int +4, Str/Dex -1)
                  | [potion of mutation]
  1697 | D:3      | Reached *** piety under Jiyva
  1786 | D:3      | Found a radiant altar of Vehumet.
  1794 | D:3      | Reached XP level 4. HP: 37/37 MP: 4/4
  1795 | D:3      | Lost mutation: Your body sometimes deteriorates upon taking
                  | damage. [Jiyva's grace]
  1795 | D:3      | Gained mutation: You are covered in slimy tendrils that may
                  | disarm your opponents. [Jiyva's grace]
  1795 | D:3      | Gained mutation: Your muscles are strong. (Str +4, Int/Dex
                  | -1) [Jiyva's grace]
  1795 | D:3      | Gained mutation: Your muscles are very strong. (Str +8,
                  | Int/Dex -2) [Jiyva's grace]
  1795 | D:3      | Gained mutation: Your body has grown eyes which may confuse
                  | attackers. (Acc +3) [Jiyva's grace]
  1894 | D:3      | Reached XP level 5. HP: 42/42 MP: 5/5
  1934 | D:3      | Found a transporter.
  1939 | D:3      | Noticed pigah's ghost (amateur OpWn)
  2010 | D:3      | Found a transporter.
  2064 | D:3      | Reached skill level 1 in Throwing
  2224 | D:3      | Reached **** piety under Jiyva
  2263 | D:4      | Noticed Duvessa
  2263 | D:4      | Noticed Dowan
  2278 | D:4      | Killed from afar by Duvessa

Illustrated notes

Levels and vault maps discovered:
D:1:      minmay_arrival_cross, layout_basic,
          hellmonk_ecumenical_altar_pennies_from_heaven, st_stairs_4
D:2:      layout_loops_corners, basic_altar, uniq_terence
D:3:      layout_loops_ring, vehumet_altar_wand_db, gammafunk_ghost_stat_death
D:4:      layout_rooms, yredelemnul_altar_generic, kennysheep_mini_moat,
          serial_shops, nicolae_shop_stone, uniq_grinder, uniq_natasha,
          uniq_duvessa

Skill      XL: |  1  2  3  4  5 |
---------------+----------------+-----
Armour         | 4 |  4.3
Fighting       | 4 |  4.1
Throwing       | 1 |  1.0
Axes           | |  2.5
Dodging        | |  0.7
Shields        | |  4.4
Evocations     | |  0.1

Action                   |  1- 3 |  4- 6 || total
-------------------------+-------+-------++-------
Melee: War axe           |    91 |    39 ||   130
       Kick              |     2 |    14 ||    16
  Use: Scroll            |     4 |     2 ||     6
       Potion            |     2 |     1 ||     3
 Stab: Confused          |       |     1 ||     1
Armor: Scale mail        |    39 |    14 ||    53
Dodge: Dodged            |    50 |    30 ||    80
Block: Buckler           |    33 |    10 ||    43

Table legend: (Time is in decaauts)
 A = Elapsed time spent in this place.
 B = Non-inter-level travel time spent in this place.
 C = Inter-level travel time spent in this place.
 D = Time resting spent in this place.
 E = Time spent auto-exploring this place.
 F = Levels seen in this place.
 G = Mean time per level.
                   A        B        C        D        E       F      G
               +--------+--------+--------+--------+--------+-----+--------+
         Total |   2334 |   2268 |     66 |      0 |   1892 |   4 |  583.5 |
       Dungeon |   2334 |   2268 |     66 |      0 |   1892 |   4 |  583.5 |
               +--------+--------+--------+--------+--------+-----+--------+

Top non-repeatable levels by time:
     D:1: 917 daAuts
     D:2: 796 daAuts
     D:3: 582 daAuts
     D:4: 39 daAuts
